 Dungeon Crawl Stone Soup version 0.25.1-2-g60ff931df9 (webtiles) character file.

Game seed: 10811049485261267237

485 Mitsuki the Ruffian (level 7, -5/61 HPs)
             Began as a Ghoul Gladiator on Aug 4, 2020.
             Slain by a sky beast (6 damage)
             ... on level 5 of the Dungeon.
             The game lasted 00:10:23 (3491 turns).

Mitsuki the Ruffian (Ghoul Gladiator)               Turns: 3491, Time: 00:10:24

Health: -5/61      AC:  5    Str: 18    XL:     7   Next: 13%
Magic:  6/6        EV: 13    Int:  3    God:
Gold:   184        SH:  0    Dex: 12    Spells: 6/6 levels left

rFire    + . .     SeeInvis .     - Unarmed
rCold    + + .     Gourm    .   (no shield)
rNeg     + + +     Faith    .   a - +0 leather armour
rPois    ∞         Spirit   .   b - +1 helmet
rElec    .         Reflect  .   q - scarf {rC+ rF+}
rCorr    .         Harm     .   (no gloves)
MR       .....                  (no boots)
Stlth    +.........             (no amulet)
HPRegen  0.00/turn              (no ring)
MPRegen  0.10/turn              (no ring)

@: rotting
A: rotting body, claws 1, carnivore, cold resistance 1, negative energy
resistance 3, inhibited regeneration, torment resistance, unbreathing
a: no special abilities


You were on level 5 of the Dungeon.
You were not hungry.

You visited 1 branch of the dungeon, and saw 5 of its levels.

You collected 184 gold pieces.

Inventory:

Missiles
 c - 3 throwing nets (quivered)
Armour
 a - a +0 leather armour (worn)
 b - a +1 helmet (worn)
 q - a scarf of resistance (worn)
Scrolls
 h - 4 scrolls of identify
 l - a scroll of blinking {unknown}
 m - a scroll of amnesia {unknown}
 o - 3 scrolls of remove curse
 t - a scroll of fear {unknown}
 u - a scroll of teleportation
 v - a scroll of random uselessness {unknown}
Potions
 e - a potion of resistance {unknown}
 f - a potion of berserk rage {unknown}
 g - 3 potions of invisibility
 i - a potion of lignification {unknown}
 j - a potion of heal wounds {unknown}
 n - a potion of stabbing {unknown}
 p - a potion of cancellation {unknown}
 r - 2 potions of curing {unknown}
 s - 2 potions of mutation {unknown}
Comestibles
 d - 12 rations


   Skills:
 * Level 5.4 Fighting
 - Level 1.7 Throwing
 + Level 3.9 Dodging
 * Level 6.0 Unarmed Combat


You had 6 spell levels left.
You didn't know any spells.
Your spell library was empty.

Dungeon Overview and Level Annotations

Branches:
Dungeon (5/15)
 Temple: D:4-7

Altars:
Cheibriados
Gozag
Nemelex Xobeh
Zin


Innate Abilities, Weirdness & Mutations

Your body is rotting away.
You thrive on raw meat.
You are immune to poison.
You have sharp fingernails.
You are carnivorous and can eat meat at any time.
Your flesh is cold resistant. (rC+)
You are immune to negative energy. (rN+++)
You do not regenerate when monsters are visible.
You are immune to unholy pain and torment.
You can survive without breathing.


Message History

The sky beast hits you but does no damage.
You closely miss the sky beast.
The sky beast is moderately wounded.
The sky beast closely misses you.
You barely miss the sky beast. Your claw misses the sky beast.
The sky beast is moderately wounded.
The sky beast hits you but does no damage.
You claw the sky beast!
The sky beast is heavily wounded.
You scratch the sky beast but do no damage.
The sky beast is heavily wounded.
The sky beast barely misses you.
Okay, then.
Okay, then.
You completely miss the sky beast.
The sky beast is heavily wounded.
The sky beast hits you.
* * * LOW HITPOINT WARNING * * *
The sky beast shocks you.
You die...

..<............
.............
............
#..........
#..........
#..).......
#..........
###########..........
#.......@Y≈..########
#...<....)...#
#...........<#
#............#
#.........)..#
#............#
##+#######+###


You could see a sky beast.

Vanquished Creatures
  A phantom (D:4)
  A scorpion (D:3)
  3 orc wizards
  A worker ant (D:4)
  2 iguanas (D:4)
  Terence (D:2)
  3 gnolls (D:4)
  A river rat (D:4)
  2 adders (D:4)
  2 oozes
  A worm (D:3)
  A dart slug (D:1)
  3 leopard geckos
  6 orcs
  3 ball pythons
  4 giant cockroaches
  11 goblins
  8 hobgoblins
  6 jackals
  2 quokkas
  6 bats
  4 frilled lizards
  A jackal skeleton (D:4)
  4 kobolds
  A leopard gecko skeleton (D:5)
  A leopard gecko zombie (D:4)
  17 rats
96 creatures vanquished.

Vanquished Creatures (others)
  An adder (D:3)
1 creature vanquished.

Grand Total: 97 creatures vanquished

Notes
Turn   | Place    | Note
-------+----------+-------------------------------------------
     0 | D:1      | Mitsuki the Ghoul Gladiator began the quest for the Orb.
     0 | D:1      | Reached XP level 1. HP: 17/17 MP: 0/0
   101 | D:1      | Reached XP level 2. HP: 15/25 MP: 1/1
   562 | D:1      | Reached XP level 3. HP: 30/30 MP: 2/2
   968 | D:2      | Reached skill level 4 in Unarmed Combat
  1081 | D:2      | Noticed Terence
  1095 | D:2      | Killed Terence
  1095 | D:2      | Reached XP level 4. HP: 33/38 MP: 3/3
  1169 | D:2      | Found a sparkling altar of Nemelex Xobeh.
  1169 | D:2      | Found an opulent altar of Gozag.
  1378 | D:2      | Found a snail-covered altar of Cheibriados.
  1528 | D:2      | Found a glowing silver altar of Zin.
  1974 | D:3      | Reached XP level 5. HP: 22/46 MP: 4/4
  2486 | D:4      | Reached skill level 5 in Unarmed Combat
  2523 | D:4      | Noticed a phantom
  2593 | D:4      | Reached XP level 6. HP: 23/53 MP: 5/5
  3124 | D:4      | Killed a phantom
  3124 | D:4      | Reached skill level 5 in Fighting
  3304 | D:4      | Reached XP level 7. HP: 48/61 MP: 6/6
  3451 | D:5      | Entered Level 5 of the Dungeon
  3479 | D:5      | Reached skill level 6 in Unarmed Combat
  3491 | D:5      | HP: 1/61 [sky beast (4)]
  3491 | D:5      | Slain by a sky beast

Illustrated notes

Levels and vault maps discovered:
D:1:      scummos_arrival_checkerplants, layout_loops_cross,
          kennysheep_pointless_box, minmay_pentomino_o4
D:2:      minmay_evil_eye, layout_loops_ring, grunt_temple_overflow_opulence,
          lemuel_round_altar, cheibriados_altar_1, first_ration, uniq_terence
D:3:      layout_loops_ring
D:4:      layout_basic, portal_sewer_entry_c
D:5:      layout_gridville, ashenzari_conservatory_becter, uniq_edmund

Skill      XL: |  1  2  3  4  5  6  7 |
---------------+----------------------+-----
Fighting       | 3 4 5 |  5.4
Unarmed Combat | 4 5 6 |  6.0
Dodging        | 3 |  3.9
Throwing       | |  1.7

Action                   |  1- 3 |  4- 6 |  7- 9 || total
-------------------------+-------+-------+-------++-------
Melee: Unarmed           |   102 |   194 |    20 ||   316
       Punch             |     1 |    16 |       ||    17
  Use: Scroll            |     4 |       |       ||     4
  Eat: Chunk             |    11 |    19 |     3 ||    33
Armor: Leather armour    |    23 |    47 |     7 ||    77
Dodge: Dodged            |    44 |   109 |    12 ||   165
